Map: Ruins of Seras

Players

Bioice - Winner!

  • Race: Zerg Zerg
  • League: Diamond

Pure

  • Race: Protoss Protoss
  • League: Diamond

Event: ASL Season 5 Prime League LOTV Beta

VOD

Have the link to the VOD?

Description

Time

  • Played on: Sept. 1, 2015, 9:40 p.m.
  • Length: 11:30

All games in this series

Show
View Real Time Build Order
Export as new Build Order

Bioice Zerg - Winner!

Build Orders: Hatch First 

Get SALT Encoding   

  12  0:01  Drone  
  13  0:08  Drone  
  14  0:15  Extractor  
  14  0:16  Drone  
  14  0:23  Drone, Extractor  
  14  0:28  Overlord  
  16  0:52  Hatchery  
  16  0:55  Drone  
  16  0:57  Drone  
  16  1:02  Drone  
  18  1:15  Spawning Pool  
  18  1:17  Extractor  
  16  1:20  Drone  
  16  1:23  Drone  
  18  1:28  Drone  
  19  1:38  Overlord  
  19  1:51  Drone  
  20  2:00  Drone  
  20  2:01  Queen  
  21  2:04  Queen  
  21  2:05  Drone  
  26  2:10  Drone  
  27  2:16  Overlord  
  27  2:19  Metabolic Boost  
  27  2:21  Drone  
  28  2:26  Drone  
  29  2:37  Drone x2  
  31  2:46  Hatchery  
  31  2:48  Zergling x2  
  31  2:50  Zergling x2  
  32  2:54  Zergling x2  
  33  2:59  Zergling x2  
  33  3:03  Queen  
  33  3:04  Zergling x2  
  37  3:08  Overlord  
  37  3:11  Drone  
  38  3:13  Drone  
  38  3:14  Drone  
  40  3:23  Drone x2  
  40  3:26  Drone x2  
  44  3:32  Lair  
  44  3:38  Zergling x4  
  45  3:43  Zergling x4  
  45  3:44  Zergling x4  
  49  3:51  Extractor x2  
  49  3:52  Roach Warren  
  49  3:53  Drone  
  49  3:54  Drone  
  48  3:59  Drone  
  48  4:00  Drone x2  
  51  4:06  Overlord  
  51  4:08  Drone  
  51  4:09  Drone  
  53  4:12  Drone x2  
  53  4:16  Drone  
  53  4:17  Drone  
  56  4:22  Drone  
  57  4:24  Drone x2  
  57  4:27  Overlord  
  57  4:30  Drone  
  60  4:32  Drone  
  60  4:35  Glial Reconstitution  
  61  4:39  Drone  
  61  4:43  Roach  
  61  4:44  Roach  
  66  4:47  Overlord  
  66  4:48  Roach  
  66  4:50  Roach  
  69  4:54  Roach  
  69  4:59  Roach x2  
  74  5:04  Roach  
  71  5:08  Roach x2  
  71  5:09  Roach  
  71  5:13  Roach, Queen  
  76  5:16  Roach  
  76  5:20  Roach  
  74  5:28  Roach  
  74  5:29  Roach x3  
  79  5:40  Roach  
  76  5:53  Roach x3  
  80  6:03  Drone x3  
  82  6:09  Overlord x2  
  82  6:16  Overlord  
  82  6:27  Queen  
  82  6:34  Roach x4  
  89  6:42  Roach  
  89  6:46  Roach  
  88  6:59  Roach  
  88  7:00  Roach  
  87  7:01  Roach  
  71  7:17  Roach x3  
  71  7:18  Drone  
  71  7:22  Drone  
  67  7:31  Drone x4  
  67  7:35  Drone x2  
  67  7:38  Drone  
  67  7:41  Drone  
  67  7:44  Drone  
  70  7:46  Drone  
  71  7:52  Drone x3  
  71  7:54  Drone  
  71  7:56  Drone  
  72  8:01  Roach x2  
  72  8:03  Drone  
  73  8:06  Drone  
  73  8:07  Drone  
  73  8:08  Drone  
  73  8:11  Roach  
  76  8:15  Roach  
  77  8:20  Roach x2  
  77  8:25  Roach  
  77  8:26  Roach  
  80  8:35  Roach x4  
  80  8:37  Roach  
  90  8:41  Roach  
  86  8:53  Drone, Roach  
  86  8:54  Drone x3  
  86  8:55  Drone  
  87  8:58  Drone  
  87  9:00  Drone x2, Extractor  
  87  9:01  Extractor  
  83  9:04  Drone  
  83  9:07  Drone  
  83  9:09  Drone  
  83  9:14  Roach  
  83  9:17  Hydralisk Den  
  84  9:18  Roach  
  84  9:20  Roach  
  86  9:27  Overlord  
  86  9:29  Drone  
  86  9:30  Drone  
  86  9:31  Drone  
  89  9:33  Drone  
  89  9:37  Drone  
  89  9:38  Evolution Chamber, Drone, Queen  
  93  9:40  Queen  
  95  9:46  Zergling x2  
  95  9:48  Hydralisk x2  
  95  9:50  Muscular Augments  
  100  9:53  Hydralisk  
  100  9:57  Hydralisk  
  100  9:59  Hydralisk  
  104  10:04  Hydralisk  
  108  10:07  Roach  
  108  10:08  Roach  
  108  10:12  Roach  
  100  10:36  Roach  
  100  10:37  Roach x6  
  100  10:40  Roach  
  100  10:41  Roach  
  110  10:46  Roach x2  
  112  10:54  Roach x2  
  96  11:04  Roach  
  96  11:05  Roach x2  
  96  11:10  Roach x3  
Show
View Real Time Build Order
Export as new Build Order

Pure Protoss 

Build Orders: Mass Adepts 

Get SALT Encoding   

  12  0:00  Probe  
  13  0:12  Probe  
  14  0:18  Pylon  
  14  0:25  Probe  
  15  0:37  Probe  
  15  0:40  Gateway  
  16  0:48  Assimilator  
  16  0:51  Probe  
  17  1:04  Probe  
  18  1:16  Probe  
  19  1:28  Probe  
  19  1:30  Cybernetics Core  
  20  1:40  Probe  
  21  1:47  Nexus  
  21  1:51  Warp Gate  
  21  1:52  Probe  
  22  1:58  Pylon  
  22  2:04  Probe  
  26  2:26  Mothership Core  
  27  2:33  Adept  
  27  2:37  Gateway  
  27  2:38  Gateway  
  27  2:47  Probe  
  28  2:59  Probe x2  
  30  3:09  Adept  
  30  3:11  Probe x2, Pylon  
  34  3:16  Assimilator  
  34  3:23  Probe x2  
  34  3:26  Adept x2  
  40  3:37  Gateway  
  37  3:42  Probe x2  
  39  3:49  Gateway  
  39  4:00  Probe x2  
  41  4:03  Assimilator  
  41  4:05  Adept x2  
  41  4:07  Assimilator  
  45  4:12  Pylon  
  45  4:14  Pylon  
  45  4:20  Probe  
  46  4:24  Robotics Facility  
  46  4:30  Probe  
  47  4:32  Adept x3  
  47  4:37  Probe  
  54  4:42  Probe  
  55  4:49  Probe  
  56  4:54  Probe  
  56  4:55  Adept x2  
  61  5:03  Adept  
  58  5:08  Adept  
  58  5:09  Probe  
  58  5:10  Probe  
  61  5:22  Probe  
  62  5:30  Warp Prism  
  62  5:37  Pylon  
  62  5:41  Pylon  
  62  5:43  Pylon  
  62  5:44  Probe x2  
  62  5:56  Probe  
  61  5:59  Pylon  
  55  6:05  Probe  
  55  6:08  Probe  
  53  6:16  Immortal  
  53  6:17  Probe  
  58  6:19  Twilight Council  
  58  6:20  Probe  
  58  6:22  Forge  
  58  6:25  Forge  
  59  6:26  Pylon  
  59  6:27  Stalker x4  
  59  6:28  Pylon  
  67  6:50  Stalker x3  
  67  6:51  Stalker  
  75  6:56  Immortal  
  43  7:16  Probe x2  
  43  7:18  Sentry, Stalker x2  
  50  7:23  Stalker  
  50  7:28  Probe  
  50  7:29  Probe  
  52  7:35  Immortal  
  54  7:40  Probe  
  54  7:41  Probe  
  56  7:53  Adept x2  
  56  7:54  Adept  
  62  8:00  Probe  
  62  8:01  Probe  
  64  8:13  Probe  
  64  8:16  Probe  
  64  8:17  Protoss Ground Weapons Level 1, Protoss Ground Armor Level 1  
  66  8:25  Probe  
  63  8:28  Probe  
  59  8:37  Probe  
  59  8:39  Stalker x2  
  62  8:54  Probe x2  
  58  9:06  Probe  
  58  9:07  Probe  
  58  9:09  Stalker  
  62  9:10  Stalker  
  62  9:12  Stalker  
  58  9:26  Probe x2  
  60  9:34  Sentry x2  
  60  9:35  Sentry  
  60  9:38  Adept  
  68  9:44  Probe x2  
  70  10:06  Probe  
  70  10:07  Probe  
  72  10:13  Adept  
  72  10:14  Adept x2  
  64  10:37  Stalker x4  
  62  11:00  Stalker x4  
Tags
 
Add a new tag
Caveats
  • Supply blocks, unpowered buildings, or Contaminate may cause inaccurate times.
  • Supply counts are checked every 10 seconds.